 Dungeon Crawl Stone Soup version 0.14-a0-1388-g200237c (webtiles) character file.

89 July the Sneak (level 3, 0/16 HPs)
             Began as a Spriggan Enchanter on Dec 9, 2013.
             Succumbed to an adder's poison
             ... on Level 2 of the Dungeon.
             The game lasted 00:09:12 (2503 turns).

July the Sneak (Spriggan Enchanter)                 Turns: 2503, Time: 00:09:12

HP   0/16        AC  3     Str  5      XL: 3   Next: 23%
MP  11/11        EV 18     Int 16      God:
Gold 52          SH  0     Dex 16      Spells:  2 memorised,  5 levels left

rFire  . . .     SeeInvis +     a - +1 dagger
rCold  . . .     Clarity  .     b - +1 robe
rNeg   . . .     Conserve .     (shield restricted)
rPois  .         rCorr    .     (helmet restricted)
rElec  .         rRot     .     (no cloak)
SustAb . .       Spirit   .     (gloves unavailable)
rMut   .         Warding  .     (boots unavailable)
Saprov . . .     Stasis   .     (no amulet)
                                (no ring)
                                (no ring)

@: mildly poisoned, very quick, slightly resistant to hostile enchantments,
quite stealthy
A: unfitting armour, see invisible, herbivore 3, speed 3, slow metabolism 2
a: no special abilities


You were on level 2 of the Dungeon.
You were not hungry.

You visited 1 branch of the dungeon, and saw 2 of its levels.

You collected 52 gold pieces.

Inventory:

Hand weapons
 a - a +1,+1 dagger (weapon)
 g - a +0,+0 elven short sword
 k - a +0,+0 short sword
 r - a +0,+0 orcish dagger
 t - a +2,+1 dagger
Missiles
 d - 13 darts (quivered)
Armour
 b - a +1 robe (worn)
 q - a +0 elven robe
 u - a cursed +0 elven robe
 v - a +0 buckler
Comestibles
 f - 3 bread rations
 j - a pear
 s - 2 apples
Scrolls
 h - 2 scrolls of identify {unknown}
 m - a scroll of curse armour {unknown}
 n - a scroll of blinking {unknown}
 o - a scroll of remove curse {unknown}
Potions
 e - a potion of porridge
 i - a potion of beneficial mutation {unknown}
 l - a potion of degeneration {unknown}
 p - 2 potions of curing {unknown}
Books
 c - a book of Maledictions

   Spells                             Type                      Level
   *Corona                            Hexes                        1
   Sure Blade                         Hexes/Charms                 2
   *Ensorcelled Hibernation           Hexes/Ice                    2
   Confuse                            Hexes                        3
   Enslavement                        Hexes                        4
   Invisibility                       Hexes                        6


   Skills:
 - Level 1.1 Short Blades
 - Level 1.1 Throwing
 - Level 3.0 Dodging
 - Level 5.0 Stealth
 * Level 3.4 Spellcasting
 - Level 3.6 Hexes


You had 5 spell levels left.
You knew the following spells:

 Your Spells              Type           Power        Failure   Level  Hunger
m - Corona                Hex            ##.....      6%          1    None
s - Ensorcelled Hibernat  Hex/Ice        #.....       14%         2    ##.....


Dungeon Overview and Level Annotations

Branches:
Dungeon (2/16)

Altars:


Innate Abilities, Weirdness & Mutations

You are tiny and cannot use many weapons and most armour.
You have supernaturally acute eyesight.
You are a herbivore.
You cover ground extremely quickly.
You need consume almost no food.


Message History

The adder closely misses you.
You hit the adder.
The adder is severely wounded.
The adder barely misses you.
You closely miss the adder.
The adder is severely wounded.
The adder closely misses you. The adder bites you.
You hit the adder.
The adder is almost dead.
The adder closely misses you.
You miss the adder.
The adder is severely wounded.
The adder completely misses you.
You barely miss the adder.
The adder is severely wounded.
The adder bites you.
* * * LOW HITPOINT WARNING * * *
The adder bites you.
* * * LOW HITPOINT WARNING * * *
You die...

..................##
≈≈≈≈≈≈≈≈≈≈≈≈≈≈≈≈≈≈≈#
≈≈≈≈≈≈≈≈≈≈≈≈≈≈≈≈≈≈≈#
..........S.......##
###############%### ..##
##..###.## ##.#### ##.##..##.##
###...###.########S#
##.###.#.#.###..@#.# #.##
##.###...###.##
.####################
.#....#.)..#.#..%.#.# .
.......#.(#...#..#..# ..#
.#..................# ..#
....................###..##
..........................#
...######..........#......#######


There were no monsters in sight!

Vanquished Creatures
  An ooze (D:2)
  A giant cockroach (D:1)
  2 goblins
  8 hobgoblins
  5 jackals
  2 ball pythons (D:1)
  3 bats
  2 giant geckos (D:1)
  2 giant newts
  2 kobolds (D:1)
  6 rats
34 creatures vanquished.

Notes
Turn   | Place    | Note
--------------------------------------------------------------
     0 | D:1      | July, the Spriggan Enchanter, began the quest for the Orb.
     0 | D:1      | Reached XP level 1. HP: 9/9 MP: 4/4
   507 | D:1      | Reached skill level 4 in Stealth
   821 | D:1      | Reached XP level 2. HP: 13/13 MP: 7/7
  1431 | D:1      | Reached skill level 5 in Stealth
  1934 | D:2      | Reached XP level 3. HP: 16/16 MP: 11/11
  1957 | D:2      | Learned a level 2 spell: Ensorcelled Hibernation
  2503 | D:2      | Succumbed to an adder's poison

Action                   || total
-------------------------++-------
Melee: Dagger            ||   206
 Stab: Sleeping          ||     5
